 Dungeon Crawl Stone Soup version 0.15-a0-674-g7948ca6 (webtiles) character file.

77 4tharraofdagon the Firebug (level 4, 0/24 HPs)
             Began as a Tengu Fire Elementalist on May 9, 2014.
             Succumbed to a scorpion's poison
             ... on Level 6 of the Dungeon.
             The game lasted 00:04:05 (654 turns).

4tharraofdagon the Firebug (Tengu Fire Elementalist) Turns: 654, Time: 00:04:05

HP   0/24        AC  3     Str  9      XL: 4   Next: 33%
MP   2/9         EV 11     Int 16      God:
Gold 109         SH  0     Dex 14      Spells:  3 memorised,  0 levels left

rFire  . . .     SeeInvis .     j - +2 short sword (freeze)
rCold  . . .     Clarity  .     g - +0 leather armour (curse)
rNeg   . . .     Conserve .     (no shield)
rPois  .         rCorr    .     (helmet restricted)
rElec  .         rRot     .     (no cloak)
SustAb . .       Spirit   .     (no gloves)
rMut   .         Warding  .     (boots unavailable)
Saprov . . .     Stasis   .     (no amulet)
MR     .....                    (no ring)
                                (no ring)

@: lethally poisoned, very slightly contaminated, not resistant to hostile
enchantments, unstealthy
A: beak, talons 3
a: no special abilities


You were on level 6 of the Dungeon.
You were not hungry.

You visited 1 branch of the dungeon, and saw 6 of its levels.

You collected 109 gold pieces.

Inventory:

Hand weapons
 j - a +2,+2 short sword of freezing (weapon)
Armour
 a - a +0 robe
 g - a cursed +0 leather armour (worn)
Comestibles
 c - a bread ration
 f - 2 apples
 m - a lemon
Scrolls
 d - 4 scrolls of remove curse {unknown}
 e - 2 scrolls of identify {unknown}
 h - 2 scrolls of immolation {unknown}
 i - a scroll of enchant weapon I {unknown}
 k - a scroll of recharging {unknown}
 l - 2 scrolls of enchant weapon II {unknown}
 n - a scroll of amnesia {unknown}
Books
 b - a book of Flames

   Spells                             Type                      Level
   *Flame Tongue                      Conjuration/Fire             1
   Throw Flame                        Conjuration/Fire             2
   *Conjure Flame                     Conjuration/Fire             3
   Inner Flame                        Hexes/Fire                   3
   *Sticky Flame                      Conjuration/Fire             4
   Fireball                           Conjuration/Fire             5


   Skills:
 - Level 2.1 Dodging
 - Level 2.0 Stealth
 + Level 2.6 Spellcasting
 * Level 3.6 Conjurations
 * Level 4.1 Fire Magic


You couldn't memorise any spells.
You knew the following spells:

 Your Spells              Type           Power        Failure   Level  Hunger
a - Flame Tongue          Conj/Fire      ##...        4%          1    #......
b - Conjure Flame         Conj/Fire      ##......     12%         3    ###....
c - Sticky Flame          Conj/Fire      ##......     38%         4    #####..


Dungeon Overview and Level Annotations

Branches:
Dungeon (6/15)
 Temple: D:4-7

Altars:
Fedhas

Annotations:
D:4 Blork the orc


Innate Abilities, Weirdness & Mutations

You have a beak for a mouth.
You have claws for feet.


Message History

You are lethally poisoned!
The scorpion poisons you!
Unknown command.
* * * LOW HITPOINT WARNING * * *
You feel sick.
* * * LOW HITPOINT WARNING * * *
You feel sick.
* * * LOW HITPOINT WARNING * * *
You feel sick.
* * * LOW HITPOINT WARNING * * *
You feel sick.
* * * LOW HITPOINT WARNING * * *
You feel sick.
* * * LOW HITPOINT WARNING * * *
You feel sick.
* * * LOW HITPOINT WARNING * * *
You feel sick.
Unknown command.
You aren't carrying any potions.
You die...

#..............####
#........##.......#
#...##.#.##.......#
.. ...#.##.......#
#####.##....####
#.##....# #.###..s#
#.# ###.# ...####@#
...#....# ...
...#....# .....#
#.##[...## #.##.#
#.####...# #....#
#.# #...# #....#
#.# #...# #....#
#.# ##.### #.##.#
###.#####...#


You could see a scorpion.

Vanquished Creatures
  Jessica (D:3)
  2 adders (D:2)
  A giant mite (D:6)
  A giant gecko (D:2)
  5 goblins
  6 hobgoblins
  7 jackals
  A quokka (D:3)
  A bat (D:3)
  A giant newt (D:2)
  4 kobolds
  3 rats (D:6)
33 creatures vanquished.

Notes
Turn   | Place    | Note
--------------------------------------------------------------
     0 | D:1      | 4tharraofdagon, the Tengu Fire Elementalist, began the quest for the Orb.
     0 | D:1      | Reached XP level 1. HP: 10/10 MP: 3/3
    76 | D:1      | Reached XP level 2. HP: 3/15 MP: 0/5
   219 | D:2      | Reached XP level 3. HP: 16/19 MP: 0/7
   224 | D:2      | Learned a level 3 spell: Conjure Flame
   411 | D:3      | Noticed Jessica
   419 | D:3      | Killed Jessica
   419 | D:3      | Reached skill level 4 in Fire Magic
   419 | D:3      | Reached XP level 4. HP: 6/24 MP: 0/9
   526 | D:4      | Noticed Blork the orc
   533 | D:5      | Entered Level 5 of the Dungeon
   533 | D:5      | Found a blossoming altar of Fedhas.
   533 | D:5      | Noticed a centaur
   533 | D:5      | Noticed an ice beast
   614 | D:6      | Learned a level 4 spell: Sticky Flame
   652 | D:6      | HP: 1/24 [poisoned by a scorpion]
   654 | D:6      | Succumbed to a scorpion's poison

Action                   |  1- 3 |  4- 6 || total
-------------------------+-------+-------++-------
Melee: Unarmed           |     6 |       ||     6
       Short sword       |    13 |     9 ||    22
 Cast: Flame Tongue      |    37 |     6 ||    43
  Use: Potion            |     2 |       ||     2

Vault maps used:
D:1:      saegor_arrival_simple_f, serial_corexii_hall, corexii_hall_statues_x,
          corexii_hall_statues_i
D:3:      uniq_jessica
D:4:      lemuel_zombie_altar_yredelemnul, elyvilon_altar_3,
          kiku_gazebo_pond_becter, nemelex_xobeh_ov_fountains_minmay,
          kennysheep_little_box, uniq_grinder, uniq_blork_the_orc
D:5:      fedhas_bush_and_centaur_altar, first_bread, uniq_prince_ribbit1
D:6:      bloody_makhleb, kennysheep_mini, temple_hall
